[ AOE2 MATCH · #490148666 ]
UnrankedEthiopians vs Bengalis
Player's team · WIN
Rival team · LOSS
[ REPLAY ANALYSIS · EXTRACTED FROM THE RECORDED GAME ]
Feudal
8:54
Castle
21:30
Imperial
41:33
| APM avg | 101.7 |
| APM peak | 168 |
| eAPM avg | 63.1 |
| Villagers / military | 123 / 152 |
Focus
⚔️ 71.2% · 🌾 28.8%
Skirmisher ×101 · Archer ×38 · Scout Cavalry ×5 · Mangonel ×4 · Trebuchet (Packed) ×3 · Monk ×1
Feudal
10:31
Castle
15:04
Imperial
—
| APM avg | 56.2 |
| APM peak | 89 |
| eAPM avg | 19.6 |
| Villagers / military | 96 / 90 |
Focus
⚔️ 39.9% · 🌾 60.1%
Ratha (Ranged) ×75 · Mangonel ×14 · Monk ×1
Match map
Initial resources + every placement click. Lines = walls · curves = elevation contours. ◆ gold · ⬟ stone · ● berries · ✦ relic · ◌ wall gap
Your base· ✓ Closed at 21:30 · 50t walls · no gate
Tortoise's base· ✓ Closed at 15:04 · 66t walls · 1 gate(s)
Smoothed initial terrain · ◌ = detected wall gap · hover for details
Inputs per minute
— Saturno 1343 - - Tortoise
Build order — Saturno 1343
First 150 of 403 actions detected
| 0:00 | Queue | Villager (Male) |
| 0:01 | Queue | Villager (Male) |
| 0:02 | Build | House |
| 0:02 | Build | House |
| 0:07 | Queue | Villager (Male) |
| 0:13 | Queue | Villager (Male) |
| 0:14 | Queue | Villager (Male) |
| 1:14 | Queue | Villager (Male) |
| 1:52 | Build | Lumber Camp |
| 1:52 | Queue | Villager (Male) |
| 2:12 | Queue | Villager (Male) |
| 2:33 | Queue | Villager (Male) |
| 3:04 | Queue | Villager (Male) |
| 3:33 | Queue | Villager (Male) |
| 3:48 | Build | House |
| 3:49 | Build | House |
| 4:02 | Queue | Villager (Male) |
| 4:03 | Queue | Villager (Male) |
| 4:20 | Queue | Villager (Male) |
| 4:25 | Queue | Villager (Male) |
| 5:06 | Queue | Villager (Male) |
| 5:06 | Queue | Villager (Male) |
| 5:20 | Queue | Villager (Male) |
| 5:28 | Queue | Villager (Male) |
| 5:28 | Queue | Villager (Male) |
| 5:36 | Build | Mill |
| 5:53 | Research | Loom |
| 6:41 | Queue | Villager (Male) |
| 6:44 | Research | Feudal Age |
| 7:13 | Queue | Villager (Male) |
| 7:21 | Queue | Villager (Male) |
| 7:45 | Queue | Villager (Male) |
| 7:51 | Build | Palisade Wall |
| 8:07 | Build | Barracks |
| 8:38 | Queue | Villager (Male) |
| 8:54 | Age | Feudal Age |
| 8:57 | Build | Stable |
| 8:58 | Research | Double-Bit Axe |
| 9:15 | Queue | Villager (Male) |
| 9:21 | Build | House |
| 9:36 | Queue | Scout Cavalry |
| 9:36 | Queue | Scout Cavalry |
| 9:45 | Queue | Villager (Male) |
| 9:49 | Queue | Villager (Male) |
| 10:03 | Queue | Villager (Male) |
| 10:10 | Build | Archery Range |
| 10:15 | Queue | Scout Cavalry |
| 10:35 | Queue | Villager (Male) |
| 10:35 | Queue | Villager (Male) |
| 10:42 | Build | Mining Camp |
| 10:48 | Queue | Archer |
| 10:49 | Queue | Archer |
| 10:50 | Build | House |
| 10:56 | Queue | Villager (Male) |
| 11:13 | Queue | Archer |
| 11:17 | Queue | Scout Cavalry |
| 11:27 | Queue | Villager (Male) |
| 11:28 | Build | Farm |
| 11:36 | Queue | Villager (Male) |
| 11:38 | Build | House |
| 11:40 | Build | House |
| 11:43 | Build | House |
| 11:47 | Build | Palisade Wall |
| 11:49 | Build | House |
| 12:00 | Queue | Archer |
| 12:03 | Queue | Archer |
| 12:09 | Queue | Villager (Male) |
| 12:13 | Build | Blacksmith |
| 12:27 | Build | Farm |
| 12:33 | Queue | Scout Cavalry |
| 12:35 | Queue | Villager (Male) |
| 12:37 | Queue | Archer |
| 12:46 | Build | Farm |
| 13:01 | Queue | Archer |
| 13:02 | Research | Fletching |
| 13:03 | Research | Fletching |
| 13:06 | Build | Farm |
| 13:08 | Build | Farm |
| 13:11 | Queue | Villager (Male) |
| 13:12 | Queue | Villager (Male) |
| 13:12 | Queue | Villager (Male) |
| 13:23 | Build | House |
| 13:39 | Queue | Archer |
| 13:46 | Queue | Villager (Male) |
| 13:48 | Build | House |
| 13:49 | Build | Palisade Wall |
| 13:50 | Queue | Villager (Male) |
| 13:51 | Queue | Villager (Male) |
| 13:53 | Build | Farm |
| 13:54 | Build | Farm |
| 14:11 | Queue | Villager (Male) |
| 14:20 | Queue | Villager (Male) |
| 14:27 | Queue | Archer |
| 14:35 | Queue | Villager (Male) |
| 14:35 | Queue | Villager (Male) |
| 14:37 | Build | Farm |
| 14:39 | Build | Farm |
| 14:43 | Build | House |
| 14:47 | Queue | Villager (Male) |
| 14:52 | Build | House |
| 14:54 | Queue | Archer |
| 14:55 | Queue | Villager (Male) |
| 15:15 | Queue | Archer |
| 15:21 | Queue | Villager (Male) |
| 15:28 | Queue | Villager (Male) |
| 15:45 | Queue | Archer |
| 15:51 | Build | House |
| 15:53 | Build | Palisade Wall |
| 16:08 | Queue | Villager (Male) |
| 16:11 | Build | Farm |
| 16:12 | Build | Farm |
| 16:24 | Queue | Villager (Male) |
| 16:28 | Build | Stone Wall |
| 16:51 | Queue | Villager (Male) |
| 16:52 | Queue | Villager (Male) |
| 16:57 | Build | Stone Wall |
| 17:24 | Build | House |
| 17:29 | Queue | Villager (Male) |
| 17:44 | Queue | Villager (Male) |
| 17:48 | Queue | Villager (Male) |
| 17:57 | Build | Market |
| 17:57 | Queue | Villager (Male) |
| 18:02 | Build | Blacksmith |
| 18:25 | Queue | Villager (Male) |
| 18:36 | Build | Stone Wall |
| 18:46 | Research | Castle Age |
| 18:46 | Research | Castle Age |
| 18:50 | Build | Stone Wall |
| 18:57 | Build | House |
| 18:57 | Queue | Villager (Male) |
| 19:18 | Build | Lumber Camp |
| 19:29 | Queue | Archer |
| 19:29 | Queue | Archer |
| 19:29 | Queue | Villager (Male) |
| 19:39 | Build | House |
| 19:40 | Queue | Villager (Male) |
| 19:56 | Research | Padded Archer Armor |
| 20:00 | Queue | Skirmisher |
| 20:03 | Build | Archery Range |
| 20:08 | Queue | Skirmisher |
| 20:08 | Queue | Skirmisher |
| 20:48 | Queue | Skirmisher |
| 20:49 | Queue | Skirmisher |
| 20:50 | Build | Farm |
| 20:53 | Queue | Skirmisher |
| 21:05 | Queue | Skirmisher |
| 21:12 | Queue | Skirmisher |
| 21:17 | Queue | Skirmisher |
| 21:22 | Queue | Skirmisher |
| 21:30 | Age | Castle Age |
Build order — Tortoise
First 150 of 295 actions detected
| 0:01 | Queue | Villager (Male) |
| 0:01 | Queue | Villager (Male) |
| 0:02 | Build | House |
| 0:03 | Build | House |
| 0:05 | Queue | Villager (Male) |
| 0:09 | Queue | Villager (Male) |
| 1:26 | Queue | Villager (Male) |
| 1:53 | Build | Lumber Camp |
| 2:01 | Queue | Villager (Male) |
| 2:19 | Queue | Villager (Male) |
| 2:49 | Queue | Villager (Male) |
| 3:21 | Queue | Villager (Male) |
| 3:44 | Queue | Villager (Male) |
| 3:45 | Queue | Villager (Male) |
| 3:55 | Build | House |
| 4:10 | Queue | Villager (Male) |
| 4:28 | Queue | Villager (Male) |
| 4:35 | Build | Palisade Wall |
| 5:00 | Queue | Villager (Male) |
| 5:07 | Build | Mill |
| 5:27 | Build | Palisade Wall |
| 5:33 | Queue | Villager (Male) |
| 5:33 | Queue | Villager (Male) |
| 5:46 | Queue | Villager (Male) |
| 6:02 | Build | House |
| 6:07 | Build | Palisade Wall |
| 6:11 | Queue | Villager (Male) |
| 6:45 | Build | Palisade Wall |
| 6:53 | Build | Palisade Wall |
| 6:59 | Build | Palisade Wall |
| 7:02 | Queue | Villager (Male) |
| 7:09 | Build | Palisade Wall |
| 7:16 | Build | Palisade Wall |
| 7:32 | Build | Mining Camp |
| 7:36 | Research | Loom |
| 7:40 | Build | Palisade Wall |
| 8:02 | Research | Feudal Age |
| 8:50 | Build | Palisade Wall |
| 9:08 | Build | House |
| 10:26 | Queue | Villager (Male) |
| 10:31 | Queue | Villager (Male) |
| 10:31 | Age | Feudal Age |
| 10:34 | Build | Market |
| 10:41 | Build | Blacksmith |
| 10:55 | Build | Palisade Gate |
| 10:58 | Build | House |
| 11:10 | Build | Palisade Wall |
| 11:22 | Queue | Villager (Male) |
| 11:44 | Queue | Villager (Male) |
| 12:24 | Research | Castle Age |
| 12:39 | Build | Palisade Wall |
| 13:04 | Build | Palisade Wall |
| 13:21 | Build | Palisade Wall |
| 13:31 | Research | Padded Archer Armor |
| 13:37 | Build | Palisade Wall |
| 13:43 | Build | Palisade Wall |
| 13:54 | Research | Double-Bit Axe |
| 14:28 | Build | Palisade Wall |
| 14:43 | Build | Palisade Wall |
| 14:45 | Build | Palisade Wall |
| 14:47 | Build | Palisade Wall |
| 14:50 | Build | Palisade Wall |
| 14:54 | Build | Palisade Wall |
| 15:03 | Build | House |
| 15:04 | Age | Castle Age |
| 15:36 | Research | Bow Saw |
| 15:36 | Research | Bow Saw |
| 15:38 | Build | House |
| 15:39 | Build | House |
| 15:49 | Build | Castle |
| 15:51 | Build | House |
| 16:12 | Queue | Villager (Male) |
| 16:55 | Build | Mining Camp |
| 17:13 | Queue | Ratha (Ranged) |
| 17:30 | Build | Farm |
| 17:32 | Build | Farm |
| 17:53 | Queue | Ratha (Ranged) |
| 17:54 | Build | Farm |
| 17:59 | Build | Farm |
| 18:13 | Queue | Ratha (Ranged) |
| 18:23 | Queue | Ratha (Ranged) |
| 18:25 | Queue | Villager (Male) |
| 18:25 | Queue | Villager (Male) |
| 18:29 | Build | Farm |
| 18:46 | Build | Farm |
| 19:09 | Build | Palisade Wall |
| 19:11 | Queue | Villager (Male) |
| 19:13 | Build | Farm |
| 19:13 | Queue | Ratha (Ranged) |
| 19:22 | Queue | Ratha (Ranged) |
| 19:38 | Build | Farm |
| 19:39 | Queue | Villager (Male) |
| 19:40 | Queue | Ratha (Ranged) |
| 19:58 | Queue | Villager (Male) |
| 20:06 | Research | Fletching |
| 20:14 | Build | Farm |
| 20:16 | Build | Farm |
| 20:24 | Queue | Villager (Male) |
| 20:28 | Build | House |
| 20:38 | Queue | Villager (Male) |
| 20:53 | Build | Siege Workshop |
| 20:59 | Queue | Ratha (Ranged) |
| 21:22 | Queue | Villager (Male) |
| 21:23 | Queue | Villager (Male) |
| 21:31 | Queue | Ratha (Ranged) |
| 21:38 | Queue | Ratha (Ranged) |
| 21:41 | Queue | Villager (Male) |
| 21:42 | Build | Monastery |
| 21:44 | Queue | Villager (Male) |
| 21:52 | Queue | Ratha (Ranged) |
| 21:57 | Queue | Ratha (Ranged) |
| 22:08 | Queue | Mangonel |
| 22:12 | Build | House |
| 22:14 | Queue | Villager (Male) |
| 22:14 | Queue | Villager (Male) |
| 22:18 | Queue | Villager (Male) |
| 22:39 | Build | House |
| 22:43 | Queue | Ratha (Ranged) |
| 22:47 | Build | Farm |
| 22:49 | Queue | Villager (Male) |
| 23:26 | Queue | Villager (Male) |
| 23:28 | Queue | Mangonel |
| 23:33 | Build | House |
| 23:38 | Queue | Ratha (Ranged) |
| 23:42 | Queue | Villager (Male) |
| 23:48 | Build | Lumber Camp |
| 23:49 | Queue | Villager (Male) |
| 24:02 | Build | House |
| 24:14 | Queue | Ratha (Ranged) |
| 24:18 | Queue | Ratha (Ranged) |
| 24:28 | Build | Farm |
| 24:34 | Research | Horse Collar |
| 24:35 | Queue | Ratha (Ranged) |
| 24:35 | Queue | Ratha (Ranged) |
| 24:47 | Queue | Villager (Male) |
| 24:50 | Queue | Villager (Male) |
| 24:57 | Build | Outpost |
| 24:58 | Queue | Villager (Male) |
| 25:01 | Queue | Ratha (Ranged) |
| 25:09 | Research | Wheelbarrow |
| 25:10 | Queue | Villager (Male) |
| 25:10 | Queue | Villager (Male) |
| 25:11 | Queue | Ratha (Ranged) |
| 25:20 | Build | House |
| 25:27 | Build | House |
| 25:37 | Queue | Villager (Male) |
| 25:49 | Queue | Villager (Male) |
| 25:55 | Queue | Mangonel |
| 26:08 | Queue | Ratha (Ranged) |
| 26:32 | Queue | Villager (Male) |
Match timeline
| 4:35 | Tortoise · wall_segment Palisade Wall x5 |
| 5:27 | Tortoise · wall_segment Palisade Wall x4 |
| 6:07 | Tortoise · wall_segment Palisade Wall x7 |
| 6:45 | Tortoise · wall_segment Palisade Wall x8 |
| 6:53 | Tortoise · wall_segment Palisade Wall x1 |
| 6:59 | Tortoise · wall_segment Palisade Wall x2 |
| 7:09 | Tortoise · wall_segment Palisade Wall x1 |
| 7:16 | Tortoise · wall_segment Palisade Wall x1 |
| 7:40 | Tortoise · wall_segment Palisade Wall x2 |
| 7:51 | Saturno 1343 · wall_segment Palisade Wall x4 |
| 8:07 | Saturno 1343 · first_building Barracks |
| 8:50 | Tortoise · wall_segment Palisade Wall x1 |
| 8:54 | Saturno 1343 · age_up feudal |
| 8:57 | Saturno 1343 · first_building Stable |
| 10:10 | Saturno 1343 · first_building Archery Range |
| 10:31 | Tortoise · age_up feudal |
| 11:10 | Tortoise · wall_segment Palisade Wall x4 |
| 11:47 | Saturno 1343 · wall_segment Palisade Wall x1 |
| 12:03 | Tortoise · first_market_sell 100 stone |
| 12:04 | Tortoise · first_market_buy 100 food |
| 12:39 | Tortoise · wall_segment Palisade Wall x2 |
| 13:04 | Tortoise · wall_segment Palisade Wall x4 |
| 13:21 | Tortoise · wall_segment Palisade Wall x3 |
| 13:37 | Tortoise · wall_segment Palisade Wall x1 |
| 13:43 | Tortoise · wall_segment Palisade Wall x7 |
| 13:49 | Saturno 1343 · wall_segment Palisade Wall x4 |
| 14:28 | Tortoise · wall_segment Palisade Wall x8 |
| 14:43 | Tortoise · wall_segment Palisade Wall x1 |
| 14:45 | Tortoise · wall_segment Palisade Wall x1 |
| 14:47 | Tortoise · wall_segment Palisade Wall x1 |
| 14:50 | Tortoise · wall_segment Palisade Wall x1 |
| 14:54 | Tortoise · wall_segment Palisade Wall x1 |
| 15:04 | Tortoise · age_up castle |
| 15:49 | Tortoise · first_building Castle |
| 15:53 | Saturno 1343 · wall_segment Palisade Wall x14 |
| 16:28 | Saturno 1343 · wall_segment Stone Wall x15 |
| 16:57 | Saturno 1343 · wall_segment Stone Wall x8 |
| 18:36 | Saturno 1343 · wall_segment Stone Wall x1 |
| 18:44 | Saturno 1343 · first_market_buy 100 food |
| 18:45 | Saturno 1343 · first_market_sell 100 wood |
| 18:50 | Saturno 1343 · wall_segment Stone Wall x4 |
| 19:09 | Tortoise · wall_segment Palisade Wall x1 |
| 20:53 | Tortoise · first_building Siege Workshop |
| 21:30 | Saturno 1343 · age_up castle |
| 21:42 | Tortoise · first_building Monastery |
| 22:48 | Saturno 1343 · first_building Siege Workshop |
| 29:08 | Tortoise · first_building Barracks |
| 30:44 | Tortoise · first_building Stable |
| 32:14 | Saturno 1343 · first_building Castle |
| 33:56 | Saturno 1343 · first_building Monastery |
| 41:33 | Saturno 1343 · age_up imperial |
| 44:24 | Tortoise · resign |
[ AI ANALYSIS · 1 CREDIT ]
What really happened in this match?
Wolo.gg analyzes every decision: build order, eco, micro, common mistakes by bracket. Personalized analysis on WhatsApp or Discord in 30 seconds.
Civ guide
Ethiopians
Perfil
Jugador #24977465